 Dungeon Crawl Stone Soup version 0.21.0-24-g2553a33 (webtiles) character file.

1301 Moloch the Spear-Bearer (level 8, -4/61 HPs)
             Began as a Mummy Fighter on Jan 21, 2018.
             Was an Initiate of Okawaru.
             Slain by Duvessa
             ... wielding a +0 rapier
              (6 damage)
             ... on level 5 of the Dungeon.
             The game lasted 00:09:02 (6710 turns).

Moloch the Spear-Bearer (Mummy Fighter)             Turns: 6710, Time: 00:09:03

Health: -4/61      AC:  6    Str: 19    XL:     8   Next: 31%
Magic:  8/8        EV:  7    Int:  7    God:    Okawaru [......]
Gold:   249        SH:  9    Dex: 14    Spells: 7/7 levels left

rFire    x . .     SeeInvis .   a - +0 trident (flame)
rCold    + . .     Gourm    .   c - +0 shield
rNeg     + + +     Faith    .   b - +0 scale mail
rPois    ∞         Spirit   .   (no helmet)
rElec    .         Reflect  .   (no cloak)
rCorr    .         Harm     .   (no gloves)
MR       +....                  (no boots)
Stlth    ..........             (no amulet)
HPRegen  0.20/turn              (no ring)
MPRegen  0.11/turn              (no ring)

@: no status effects
A: no food or potions, fire vulnerability, cold resistance 1, negative energy
resistance 3, torment resistance, unbreathing
a: Renounce Religion


You were on level 5 of the Dungeon.
You worshipped Okawaru.
Okawaru was noncommittal.
You were not hungry.

You visited 1 branch of the dungeon, and saw 6 of its levels.

You collected 249 gold pieces.

Inventory:

Hand Weapons
 a - a +0 trident of flaming (weapon)
Missiles
 i - 6 tomahawks (quivered)
Armour
 b - a +0 scale mail (worn)
 c - a +0 shield (worn)
Jewellery
 e - an uncursed amulet of the gourmand {unknown}
 h - a +2 ring of dexterity {unknown}
Wands
 o - a wand of flame (13)
Scrolls
 d - 3 scrolls of enchant weapon {unknown}
 f - a scroll of teleportation {unknown}
 g - 7 scrolls of identify {unknown}
 j - a scroll of random uselessness {unknown}
 k - a scroll of enchant armour {unknown}
 l - a scroll of remove curse {unknown}
 n - 2 scrolls of brand weapon
Books
 m - a book of Misfortune

   Spells                             Type                      Level
   a - Confusing Touch                Hexes                        1
   b - Confuse                        Hexes                        3
   c - Gell's Gravitas                Translocation                3
   d - Petrify                        Transmutation/Earth          4
   e - Metabolic Englaciation         Hexes/Ice                    5
   f - Yara's Violent Unravelling     Hexes/Transmutation          5


   Skills:
 + Level 4.8 Fighting
 * Level 8.0 Polearms
 - Level 2.4 Armour
 - Level 2.4 Shields


You had 7 spell levels left.
You didn't know any spells.

Dungeon Overview and Level Annotations

Branches:
Dungeon (6/15)
 Temple: D:4-7

Altars:
Ashenzari
Cheibriados
Fedhas
Hepliaklqana
Okawaru
Qazlal
Yredelemnul
Zin
The Shining One

Annotations:
D:5 Duvessa


Innate Abilities, Weirdness & Mutations

You do not eat or drink.
Your flesh is vulnerable to fire.
You are immune to poison.
Your flesh is cold resistant. (rC+)
You are immune to negative energy. (rN+++)
You are immune to unholy pain and torment.
You can survive without breathing.


Message History

Evoke which item? (* to show all) (? for menu, Esc to quit)
Aiming: Throw Flame
Press: ? - help, Shift-Dir - straight line, f - Duvessa
Aim: Duvessa, wielding a rapier and wearing a chain mail (heavily wounded, berserk, fast, unusually strong)
The puff of flame hits Duvessa.
Duvessa is severely wounded.
You block Duvessa's attack.
Evoke which item? (* to show all) (? for menu, Esc to quit)
Aiming: Throw Flame
Press: ? - help, Shift-Dir - straight line, f/p - Duvessa
Aim: Duvessa, wielding a rapier and wearing a chain mail (severely wounded, berserk, fast, unusually strong)
The puff of flame misses Duvessa.
You block Duvessa's attack.
Evoke which item? (* to show all) (? for menu, Esc to quit)
Aiming: Throw Flame
Press: ? - help, Shift-Dir - straight line, f/p - Duvessa
Aim: Duvessa, wielding a rapier and wearing a chain mail (severely wounded, berserk, fast, unusually strong)
The puff of flame hits Duvessa.
Duvessa is severely wounded.
Duvessa hits you with a rapier.
You die...

###.......##.##.##......###..#...
........####.##.#####.#(##...#..#
.##.#.....†.................._..#
.##.#.#####.###.......#.##...#...
....#.#####.#####.......##...#..#
#####.##.............#####..###.#
#.##.##.##.##..#.# #..###.# #...
...##.<.e.#.# #..###.# ###
#$......@..# # #......#
.%.##.#?..W...# #....### ####
#.###.....# ####.# #.# #.....#
#.# #.....# #.# #.....# #.#
#..[..#


oo. ####### .ao ..... You could see a phantom and Duvessa (berserk).

Vanquished Creatures
  A water moccasin (D:5)
  2 sky beasts
  2 ogres
  A phantom (D:5)
  A centaur (D:5)
  Blork the orc (D:5)
  2 scorpions (D:5)
  Dowan (D:5)
  2 crimson imps (D:5)
  2 hounds (D:4)
  An orc priest (D:5)
  A bullfrog skeleton (D:4)
  Ijyb (D:4)
  3 worker ants
  A hound skeleton (D:5)
  4 adders
  An adder zombie (D:5)
  4 worms
  3 dart slugs
  3 leopard geckos
  5 orcs
  A ball python (D:5)
  6 bats
  4 giant cockroaches
  7 goblins
  6 hobgoblins
  14 jackals
  2 quokkas
  8 frilled lizards
  7 kobolds
  10 rats
  A spectral orc (D:4)
108 creatures vanquished.

Vanquished Creatures (others)
  13 toadstools (D:6)
13 creatures vanquished.

Grand Total: 121 creatures vanquished

Notes
Turn   | Place    | Note
-------+----------+-------------------------------------------
     0 | D:1      | Moloch the Mummy Fighter began the quest for the Orb.
     0 | D:1      | Reached XP level 1. HP: 18/18 MP: 1/1
   205 | D:1      | Reached XP level 2. HP: 22/24 MP: 2/2
   210 | D:1      | Reached skill level 2 in Polearms
  1094 | D:2      | Reached XP level 3. HP: 29/29 MP: 3/3
  1581 | D:2      | You fall through a shaft for 2 floors!
  1597 | D:4      | Reached skill level 3 in Polearms
  1597 | D:4      | Reached XP level 4. HP: 29/36 MP: 4/4
  2142 | D:3      | Noticed an ogre
  3036 | D:4      | Reached XP level 5. HP: 33/42 MP: 5/5
  3057 | D:4      | Reached skill level 4 in Polearms
  3234 | D:4      | Found a basalt altar of Yredelemnul.
  3449 | D:4      | Found a stormy altar of Qazlal.
  3510 | D:5      | Entered Level 5 of the Dungeon
  3510 | D:5      | Noticed Dowan
  3510 | D:5      | Noticed a sky beast
  3512 | D:5      | Noticed Duvessa
  3532 | D:4      | Killed a sky beast
  3532 | D:4      | Reached XP level 6. HP: 25/48 MP: 6/6
  3676 | D:5      | Noticed Blork the orc
  3687 | D:5      | Killed Blork the orc
  3687 | D:5      | Reached skill level 5 in Polearms
  4096 | D:5      | Reached XP level 7. HP: 5/54 MP: 7/7
  4386 | D:5      | Found a shattered altar of Ashenzari.
  4401 | D:5      | Reached skill level 6 in Polearms
  5026 | D:5      | Reached skill level 7 in Polearms
  5506 | D:5      | HP: 1/55 [something (6)]
  6044 | D:5      | Reached XP level 8. HP: 50/61 MP: 8/8
  6046 | D:5      | Found a glowing silver altar of Zin.
  6047 | D:5      | Found a snail-covered altar of Cheibriados.
  6047 | D:5      | Found a hazy altar of Hepliaklqana.
  6047 | D:5      | Found a blossoming altar of Fedhas.
  6055 | D:5      | Found an iron altar of Okawaru.
  6058 | D:5      | Found a glowing golden altar of the Shining One.
  6063 | D:5      | Became a worshipper of Warmaster Okawaru
  6178 | D:5      | Noticed Ijyb
  6287 | D:4      | Killed Ijyb
  6401 | D:5      | Killed Dowan
  6485 | D:5      | Reached skill level 8 in Polearms
  6707 | D:5      | HP: 2/61 [Duvessa/rapier (10)]
  6710 | D:5      | Slain by Duvessa

Skill      XL: |  1  2  3  4  5  6  7  8 |
---------------+-------------------------+-----
Polearms       | 2 3 4 5 7 8 |  8.0
Fighting       | 4 |  4.8
Armour         | |  2.4
Shields        | |  2.4

Action                   |  1- 3 |  4- 6 |  7- 9 || total
-------------------------+-------+-------+-------++-------
Melee: Trident           |   128 |   212 |   265 ||   605
Throw: Tomahawk          |       |     3 |     2 ||     5
Evoke: Wand              |       |       |     8 ||     8
  Use: Scroll            |       |       |     1 ||     1
 Stab: Distracted        |       |     1 |       ||     1
Armor: Scale mail        |    44 |    86 |    72 ||   202
Dodge: Dodged            |    40 |    39 |    74 ||   153
Block: Shield            |    43 |    86 |   105 ||   234
